 Dungeon Crawl Stone Soup version 0.31-a0-360-gb3e1d13bf4 (webtiles) character file.

Game seed: 4120890624737604592

4119 shadowrider38 the Grappler (level 10, -21/102 HPs)
             Began as a Troll Chaos Knight on July 26, 2023.
             Was a Plaything of Xom.
             Demolished by an orc warlord
             ... wielding a +6 broad axe
              (28 damage)
             ... in a bailey.
             The game lasted 00:12:38 (6136 turns).

shadowrider38 the Grappler (Troll Chaos Knight)     Turns: 6136, Time: 00:12:39

Health: -21/102    AC: 13    Str: 27 (28) XL:     10   Next: 6%
Magic:  9/9        EV: 14    Int:  7      God:    Xom [......]
Gold:   1354       SH:  0    Dex:  5 (8)  Spells: 9/9 levels left

rFire   + .          .
                       - Unarmed
rCold   . . .        (no shield)
rNeg    . . .        q - +1 swamp dragon scales
rPois   +            p - +2 hat of Instinct {Harm rF+ Will+ Str-2}
rElec   .            u - scarf {repulsion}
rCorr   .            (gloves unavailable)
SInv    .            (boots unavailable)
Will    +....        o - amulet of faith Stlth
                     c - +5 ring of evasion
HPRegen 1.17/turn    (no ring)
MPRegen 0.11/turn

%: harm (+30% outgoing, +20% incoming), repel missiles, faith
@: unable to drink
A: large, unfitting armour, claws 3, regeneration 1, shaggy fur 1, tough skin 1,
antennae 1, deterioration 1, screaming 1, strong 1, inability to drink after
injury 1
a: Renounce Religion


You were in a bailey.
You worshipped Xom.
You were a very special plaything of Xom.
You visited 1 branch of the dungeon, and saw 8 of its levels.
You also visited: Bailey.

You collected 1354 gold pieces.

Inventory:

Missiles
 j - 48 stones
 k - 20 poisoned darts (quivered)
 t - 33 boomerangs
Armour
 a - a +0 cloak
 m - an orb of energy
 p - the +2 hat of Instinct (worn) {Harm rF+ Will+ Str-2}
   (You acquired it on level 7 of the Dungeon)

   Str:       It affects your strength (-2).
   rF:        It protects you from fire.
   Harm:      It increases damage dealt and taken.
   Will:      It increases your willpower.
 q - +1 swamp dragon scales (worn)
 u - a scarf of repulsion (worn)
Magical Staves
 x - a staff of air
 y - a staff of cold
Jewellery
 c - a +5 ring of evasion (left claw)
 o - an amulet of faith (around neck)
 w - a ring of flight
Wands
 l - a wand of polymorph (7)
 E - a wand of charming (5)
 I - a wand of iceblast (9)
 V - a wand of flame (11)
Scrolls
 e - a scroll of noise {unknown}
 f - a scroll of revelation {unknown}
 h - a scroll of vulnerability {unknown}
 n - 2 scrolls of fog
 s - a scroll of amnesia
 v - 3 scrolls of fear
 B - a scroll of brand weapon {unknown}
 D - a scroll of enchant weapon {unknown}
 T - a scroll of teleportation
Potions
 d - 2 potions of magic
 g - 2 potions of lignification {unknown}
 i - 2 potions of mutation {unknown}
 z - a potion of enlightenment
 A - a potion of might {unknown}
 F - 2 potions of resistance {unknown}
 G - 3 potions of heal wounds {unknown}
 H - a potion of invisibility {unknown}
 Q - 2 potions of curing
Miscellaneous
 b - a piece from Xom's chessboard (15/15)


   Skills:
 + Level 7.1 Fighting
 + Level 3.5 Armour
 - Level 4.0 Dodging
 * Level 11.0 Unarmed Combat


You had 9 spell levels left.
You didn't know any spells.
Your spell library contained the following spells:

 Spells                   Type           Power      Damage    Failure   Level
 Shock                    Conj/Air       0%         1d3       56%         1
 Ensorcelled Hibernation  Hex/Ice        0%         N/A       71%         2
 Lesser Beckoning         Tloc           0%         N/A       71%         2
 Dazzling Flash           Conj/Hex       0%         N/A       90%         3
 Gell's Gravitas          Tloc           0%         N/A       90%         3
 Swiftness                Air            0%         N/A       90%         3
 Teleport Other           Tloc           0%         N/A       90%         3
 Volatile Blastmotes      Fire/Tloc      0%         2d10      90%         3
 Airstrike                Air            0%         2d(0-16)  100%        4
 Anguish                  Hex/Necr       0%         N/A       100%        4
 Dispersal                Tloc           0%         N/A       100%        6
 Starburst                Conj/Fire      0%         6d3       100%        6
 Maxwell's Capacitive Co  Air            0%         ∞         100%        8


Dungeon Overview and Level Annotations

Branches:
Dungeon (8/15)             Temple (0/1) D:6          Bailey (1/1)
   Lair: D:8-11

Altars:
Elyvilon
Hepliaklqana
Kikubaaqudgha
Makhleb
Okawaru
Ru
Uskayaw
Vehumet

Shops:
D:2 (

Annotations:
D:5 1 runed translucent door


Innate Abilities, Weirdness & Mutations

You are too large for most types of armour.
You have claws for hands.
Your natural rate of healing is unusually fast.
You are covered in fur. (AC +1)
You have tough skin. (AC +1)
You have a pair of small antennae on your head.
Your body sometimes deteriorates upon taking damage.
You occasionally shout uncontrollably at your foes.
Your muscles are strong. (Str +4, Int/Dex -1)
You occasionally lose the ability to drink potions when taking damage.


Message History

You are engulfed in seething chaos.
The orc warlord hits you with a +6 broad axe.
The orc warlord hits your orc with a +6 broad axe!!
Your orc dies!
Your orc's corpse dissolves into shadows!
You claw the orc warlord!
The orc warlord is heavily wounded.
You are engulfed in seething chaos.
You suddenly lose the ability to move!
The orc warlord hits you with a +6 broad axe.
You are engulfed in seething chaos.
The orc warlord hits you with a +6 broad axe!
The orc warlord hits your orc with a +6 broad axe!!
Your orc dies!
Your orc's corpse dissolves into shadows!
You are engulfed in seething chaos.
The orc warlord hits you with a +6 broad axe!!
Your body deteriorates!
You feel weakened.
The orc warlord hits your orc with a +6 broad axe!!
Your orc dies!
Your orc's corpse dissolves into shadows!
You are engulfed in seething chaos.
Your orc dissolves into shadows!
The orc warlord hits you but does no damage.
The orc warlord hits your orc with a +6 broad axe!
Your orc dies!
Your orc's corpse dissolves into shadows!
You are engulfed in seething chaos.
The orc warlord hits you with a +6 broad axe!!
* * * LOW HITPOINT WARNING * * *
You are engulfed in seething chaos.
The orc warlord hits you with a +6 broad axe!
You feel threatened and lose the ability to drink potions!
* * * LOW HITPOINT WARNING * * *
You can move again.
Okay, then.
Okay, then.
You cannot drink potions in your current state!
Aiming: Charm
Press: ? - help, Shift-Dir - straight line, f - orc warlord
Aim: an orc warlord, wielding a +6 broad axe and wearing a +0 chain mail (heavily wounded, chance to affect: 17%)
Okay, then.
Okay, then.
As you read the scroll of summoning, it crumbles to dust.
Wisps of shadow whirl around you...
You are engulfed in seething chaos.
You shrug off the repeated paralysis!
The orc warlord hits you with a +6 broad axe!!
You die...
Xom roars with laughter!

##......####...####......##
♣##....##~~#####~~##÷...##♣
♣.##...#~}?8...8?=~#...##.♣
♣♣..###'#~.........~#'###..♣♣
♣...~~~.#~..8.g.8.o~#.~~~...♣
♣♣...~~~.##.....o...##.~~~...♣♣
♣∩...~~~.#~..g.∩.o..~#.~~~...∩♣
♣♣...~~~.#~..g..o.o.~#.~~~...♣♣
♣...~~~.#~~.8.@o8.~~#)†~~...♣
♣♣..###'###..go...###)###..♣♣
♣.##....#~o8o..8.~#....##.♣
♣##.....#~~~~~~~~~#.)...##♣
##......####~o~####......##
#...8......#)''#......8...#
#........)................#
#........)................#
##..8..8.))........8..8..##


You could see an orc warlord (ally target), a friendly orc warrior (summoned), a
friendly orc priest (summoned), a friendly orc wizard (summoned), 4 friendly
gnolls and 6 friendly orcs.

Vanquished Creatures
  A troll (D:7)
  A hornet (D:7)
  A wyvern (D:7)
  Menkaure (D:7)
  A water moccasin (D:7)
  3 black bears
  5 orc warriors (Bailey)
  2 phantoms
  A bullfrog (D:7)
  A gnoll sergeant (D:5)
  13 scorpions
  6 wights
  4 killer bees
  2 howler monkeys (D:5)
  4 orc priests
  3 hounds
  Crazy Yiuf (D:4)
  2 sleepcaps
  Natasha (twice) (D:3)
  3 iguanas
  Ijyb (D:3)
  5 orc wizards
  Robin (D:3)
  5 gnolls
  5 adders
  A shadow imp (D:5)
  6 dart slugs
  21 orcs
  5 endoplasms
  4 giant cockroaches
  20 goblins
  23 hobgoblins
  7 quokkas
  8 ball pythons
  2 bats
  6 frilled lizards
  30 kobolds
  9 rats
  A butterfly (D:5)
217 creatures vanquished.

Vanquished Creatures (collateral kills)
  An ogre (D:5)
  A scorpion (D:5)
  2 gnolls (D:5)
4 creatures vanquished.

Vanquished Creatures (others)
  Prince Ribbit (D:6)
  An orc wizard (D:6)
  An endoplasm (D:3)
  A goblin (D:3)
4 creatures vanquished.

Grand Total: 225 creatures vanquished

Notes
Turn   | Place    | Note
-------+----------+-------------------------------------------
     0 | D:1      | shadowrider38 the Troll Chaos Knight began the quest for
                  | the Orb.
     0 | D:1      | Reached XP level 1. HP: 22/22 MP: 0/0
    52 | D:1      | Reached XP level 2. HP: 29/29 MP: 1/1
   202 | D:1      | Found a faded altar of an unknown god.
   214 | D:1      | XOM: potion effect (invisibility)
   264 | D:1      | XOM: 8-stop teleportation journey
   398 | D:1      | Reached XP level 3. HP: 36/36 MP: 2/2
   819 | D:2      | Found Reli's Weapon Boutique.
   857 | D:2      | Reached skill level 4 in Unarmed Combat
  1029 | D:2      | XOM: silly message
  1046 | D:2      | XOM: silly message
  1100 | D:2      | XOM: silly message
  1535 | D:3      | Noticed a scorpion
  1540 | D:3      | Killed a scorpion
  1541 | D:3      | Reached skill level 3 in Fighting
  1541 | D:3      | Reached XP level 4. HP: 44/45 MP: 3/3
  1638 | D:3      | XOM: silly message
  1709 | D:3      | Noticed Ijyb
  1710 | D:3      | Noticed Robin
  1724 | D:3      | Killed Ijyb
  1725 | D:3      | Reached skill level 5 in Unarmed Combat
  1725 | D:3      | Reached XP level 5. HP: 45/53 MP: 4/4
  1730 | D:3      | XOM: potion effect (brilliance)
  1732 | D:3      | Killed Robin
  1859 | D:3      | Found an iron altar of Okawaru.
  1869 | D:3      | Noticed a phantom
  1888 | D:3      | Killed a phantom
  1918 | D:3      | Noticed Natasha
  1922 | D:3      | Killed Natasha
  1923 | D:3      | Reached XP level 6. HP: 62/62 MP: 5/5
  2003 | D:3      | Noticed Natasha
  2014 | D:3      | XOM: noise
  2016 | D:3      | Natasha changed into Natasha the killer bee
  2016 | D:3      | Noticed Natasha
  2016 | D:3      | XOM: polymorph Natasha -> Natasha the killer bee
  2020 | D:3      | Killed Natasha the killer bee
  2021 | D:3      | Reached skill level 6 in Unarmed Combat
  2439 | D:3      | XOM is BORED!
  2439 | D:3      | XOM: give mutations
  2439 | D:3      | Gained mutation: Your magical capacity is low. (-10% MP)
                  | [Xom's mischief]
  2439 | D:3      | Lost mutation: Your magical capacity is low. (-10% MP)
                  | [Xom's mischief]
  2439 | D:3      | Gained mutation: You have an increased reservoir of magic.
                  | (+10% MP) [Xom's mischief]
  2439 | D:3      | Gained mutation: Your muscles are strong. (Str +4, Int/Dex
                  | -1) [Xom's mischief]
  2479 | D:3      | Found a burning altar of Makhleb.
  2502 | D:3      | Noticed Natasha
  2512 | D:3      | Killed Natasha
  2832 | D:4      | Found a runed translucent door.
  2833 | D:4      | Noticed Crazy Yiuf
  3025 | D:4      | Found a hide-covered altar of Uskayaw.
  3025 | D:4      | Noticed a +0 hand axe
  3025 | D:4      | Noticed a +0 hand axe
  3025 | D:4      | XOM: 2-stop teleportation journey
  3086 | D:4      | XOM: cast spell 'Olgreb's Toxic Radiance'
  3095 | D:4      | Reached XP level 7. HP: 70/70 MP: 6/6
  3176 | D:4      | Found an ancient bone altar of Kikubaaqudgha.
  3176 | D:4      | XOM: 11-stop teleportation journey
  3249 | D:4      | XOM: potion effect (berserk rage)
  3252 | D:4      | Reached skill level 7 in Unarmed Combat
  3267 | D:4      | XOM: cloud trail
  3275 | D:4      | XOM: silly message
  3299 | D:4      | Found a sacrificial altar of Ru.
  3362 | D:4      | XOM: silly message
  3378 | D:4      | Found a radiant altar of Vehumet.
  3523 | D:4      | Killed Crazy Yiuf
  3577 | D:5      | Entered Level 5 of the Dungeon
  3598 | D:5      | XOM: noise
  3722 | D:5      | Found a white marble altar of Elyvilon.
  3762 | D:5      | XOM: cleaving
  3769 | D:5      | Reached skill level 8 in Unarmed Combat
  3830 | D:5      | Reached XP level 8. HP: 43/80 MP: 7/7
  3963 | D:5      | Found a runed translucent door.
  3965 | D:5      | Found a runed translucent door.
  4098 | D:5      | XOM: god gift: 21 gold pieces {god gift}
  4130 | D:5      | XOM: scenery: 1 doors close
  4220 | D:5      | XOM: polymorph giant cockroach -> frilled lizard
  4225 | D:5      | XOM: confuse monster(s)
  4228 | D:5      | Reached skill level 9 in Unarmed Combat
  4231 | D:5      | XOM: cleaving
  4309 | D:6      | Noticed Prince Ribbit
  4311 | D:6      | XOM: fog
  4312 | D:6      | Killed Prince Ribbit
  4312 | D:6      | XOM: divine lightning
  4367 | D:6      | XOM: cleaving
  4389 | D:6      | Found a hazy altar of Hepliaklqana.
  4468 | D:6      | Reached XP level 9. HP: 89/89 MP: 8/8
  4615 | D:6      | XOM: confuse monster(s)
  4770 | D:6      | XOM: noise
  4780 | D:6      | Found a staircase to the Ecumenical Temple.
  5094 | D:7      | XOM: divination: detect creatures
  5095 | D:7      | Reached skill level 3 in Dodging
  5095 | D:7      | Reached skill level 10 in Unarmed Combat
  5121 | D:7      | Noticed Menkaure
  5129 | D:7      | Killed Menkaure
  5593 | D:7      | XOM: summons 5 hostile demons
  5599 | D:7      | Reached skill level 3 in Armour
  5602 | D:7      | Noticed a troll
  5628 | D:7      | Killed a troll
  5763 | D:7      | Identified 2 scrolls of acquirement
  5763 | D:7      | Acquired 935 gold pieces
  5764 | D:7      | XOM: give mutation
  5764 | D:7      | Gained mutation: You occasionally lose the ability to drink
                  | potions when taking damage. [Xom's mischief]
  5765 | D:7      | Acquired the +2 hat of Instinct {Harm rF+ Will+ Str-2}
  5796 | D:8      | XOM: chaos upgrade
  5818 | D:8      | Found a flagged portal.
  5844 | Bailey   | Entered a bailey
  5849 | Bailey   | Noticed an orc warlord
  5929 | Bailey   | Reached XP level 10. HP: 78/102 MP: 10/10
  5985 | Bailey   | Found a runed translucent gate.
  5987 | Bailey   | Found a runed translucent gate.
  5989 | Bailey   | Found a runed translucent gate.
  6106 | Bailey   | XOM: give mutations
  6106 | Bailey   | Gained mutation: You have a pair of small antennae on your
                  | head. [Xom's mischief]
  6106 | Bailey   | Gained mutation: Your body sometimes deteriorates upon
                  | taking damage. [Xom's mischief]
  6106 | Bailey   | Gained mutation: You occasionally shout uncontrollably at
                  | your foes. [Xom's mischief]
  6106 | Bailey   | Lost mutation: You have an increased reservoir of magic.
                  | (+10% MP) [Xom's mischief]
  6114 | Bailey   | Reached skill level 11 in Unarmed Combat
  6127 | Bailey   | XOM: blink monster(s)
  6128 | Bailey   | XOM: chaos cloud
  6130 | Bailey   | Paralysed by you for 5 turns
  6136 | Bailey   | Demolished by an orc warlord

Illustrated notes

Levels and vault maps discovered:
D:1:      dpeg_arrival_houses_and_road, layout_basic,
          chequers_ecumenical_altar_simple_redux
D:2:      layout_loops_ring, serial_shops, shop_fountains
D:3:      kb_forest_paths, layout_basic, lightli_temple_of_fire,
          okawaru_ov_weapons_minmay, serial_bayou, serial_bayou_crossing,
          serial_bayou_lagoon_b, serial_bayou_lagoon_a, serial_bayou_shore_b,
          nicolae_goblin_pals, uniq_natasha, uniq_ijyb
D:4:      corexii_shantytown, layout_rooms, marbit_many_paths,
          dancing_weapons_uskayaw, mainiacjoe_overflow_two_lobes,
          uniq_crazy_yiuf_cottage
D:5:      lemuel_insect_pit, layout_basic, elyvilon_altar_4
D:6:      layout_gridville, old_standard_altar,
          minmay_temple_entry_enclosed_plants, uniq_prince_ribbit1
D:7:      layout_basic, uniq_menkaure
D:8:      layout_loops_ring, enter_bailey_5
Bailey:   bailey_axe_bossmonster_kennysheep, bailey

Skill      XL: |  1  2  3  4  5  6  7  8  9 10 |
---------------+-------------------------------+-----
Unarmed Combat | 4 5 6 8 9 10 11 | 11.0
Fighting       | 3 4 5 6 7 |  7.1
Dodging        | 2 4 |  4.0
Armour         | 1 3 |  3.5

Action                     |  1- 3 |  4- 6 |  7- 9 | 10-12 || total
---------------------------+-------+-------+-------+-------++-------
  Melee: Unarmed           |    90 |   163 |   268 |    15 ||   536
         Punch             |       |     3 |    10 |       ||    13
    Use: Scroll            |       |     1 |    10 |     3 ||    14
   Stab: Invisible         |     2 |       |       |       ||     2
         Confused          |       |       |     1 |       ||     1
 Armour: Robe              |    22 |     9 |       |       ||    31
         Swamp dragon scal |       |    29 |   118 |     8 ||   155
  Dodge: Dodged            |    41 |    75 |   232 |     7 ||   355
         Repelled          |       |       |     1 |       ||     1

Table legend: (Time is in decaauts)
 A = Elapsed time spent in this place.
 B = Non-inter-level travel time spent in this place.
 C = Inter-level travel time spent in this place.
 D = Time resting spent in this place.
 E = Time spent auto-exploring this place.
 F = Levels seen in this place.
 G = Mean time per level.
                   A        B        C        D        E       F      G
               +--------+--------+--------+--------+--------+-----+--------+
         Total |   6097 |   5960 |    137 |     10 |   4526 |   9 |  677.4 |
       Dungeon |   5814 |   5677 |    137 |     10 |   4358 |   8 |  726.8 |
        Bailey |    282 |    282 |      0 |      0 |    168 |   1 |  282.0 |
               +--------+--------+--------+--------+--------+-----+--------+

Top non-repeatable levels by time:
     D:3: 1205 daAuts
     D:4: 934 daAuts
     D:1: 803 daAuts
     D:7: 761 daAuts
     D:6: 738 daAuts
     D:5: 684 daAuts
     D:2: 639 daAuts
  Bailey: 282 daAuts
     D:8: 47 daAuts
